Cogmind - Beta 14 @@@ ROGUE MODE // 2025.04.30 @ 19:52:06 Player: celerysam Result: Destroyed by 4B-X0U(R) with Subdweller Laser Performance ------------- Evolutions (0) 0 Regions Visited (2) 400 Robots Destroyed (17) 85 Value Destroyed (384) 384 Prototype IDs (2) 40 Alien Tech Used (0) 0 Bonus (0) 0 TOTAL SCORE: 909 Bonus ------- None Cogmind --------- Core Integrity 0/250 Matter 188/300 Energy 243/250 System Corruption 0% Temperature Cool (6) Movement Rolling (115) Ox1 Location -10/Subcaves Parts ------- > --- POWER (1) -------- Ion Engine > --- PROPULSION (2) --- Compact Wheel Compact Wheel > --- UTILITY (2) ------ High-capacity Storage Unit Signal Interpreter > --- WEAPON (2) ------- Spread Laser Improved Assault Rifle > --- INVENTORY (20) --- Light Nuclear Core Light Treads Improved Aluminum Leg Wheel Compact Wheel Compact Wheel Compact Wheel VTOL Module VTOL Module VTOL Module VTOL Module Improved Flight Unit Improved Flight Unit Particle Gun Improved Assault Rifle Improved Light Cannon Improved Light Cannon Improved Light Cannon Grenade Launcher Mining Laser Peak State ------------ > --- POWER ------------ Light Ion Engine > --- PROPULSION ------- Compact Wheel Improved Flight Unit > --- UTILITY ---------- High-capacity Storage Unit Signal Interpreter > --- WEAPON ----------- Spread Laser Improved Light Cannon > --- INVENTORY -------- Ion Engine Light Nuclear Core Light Treads Wheel Compact Wheel Compact Wheel Compact Wheel Compact Wheel Compact Wheel Compact Wheel VTOL Module VTOL Module VTOL Module VTOL Module Particle Gun Assault Rifle Grenade Launcher Mining Laser [Rating: 13] Favorites ----------- Power Light Nuclear Core Engine Ion Engine Power Core Light Nuclear Core Propulsion Light Treads Treads Light Treads Leg Aluminum Leg Wheel Compact Wheel Flight Unit Improved Flight Unit Utility Signal Interpreter Storage High-capacity Storage Unit Processor Signal Interpreter Weapon Improved Light Cannon Energy Gun Spread Laser Ballistic Gun Improved Assault Rifle Ballistic Cannon Improved Light Cannon Build | -11 -10 -10 ------- Run | Yrd Mat Sub Slots Evolved . | . . . Power . | . . . Propulsion . | . . . Utility . | . . . Weapon . | . . . Parts Attached 35 | 7 28 . Power 6 | 1 5 . Engine 5 | 1 4 . Core 1 | . 1 . Reactor . | . . . Propulsion 12 | 2 10 . Treads 6 | . 6 . Leg 2 | 2 . . Wheel 3 | . 3 . Hover . | . . . Flight 1 | . 1 . Utility 5 | 1 4 . Device . | . . . Storage 3 | 1 2 . Processor 2 | . 2 . Hackware . | . . . Protection . | . . . Artifact . | . . . Weapon 12 | 3 9 . Energy Gun 5 | 2 3 . Energy Cannon . | . . . Ballistic Gun 2 | 1 1 . Ballistic Cannon 5 | . 5 . Launcher . | . . . Special Weapon . | . . . Impact Weapon . | . . . Slashing Weapon . | . . . Piercing Weapon . | . . . Special Melee Weapon . | . . . Unidentified Prototypes 2 | . 2 . Parts Lost 5 | . 5 . Power 1 | . 1 . Propulsion 2 | . 2 . Utility . | . . . Weapon 2 | . 2 . Highest Loss Streak 4 | . 4 . To Critical Strikes . | . . . Average Slot Usage (%) 95 | . 94 100 Engine 5 | . 5 14 Core 7 | . 7 . Treads 22 | . 22 . Wheel 4 | . 4 28 Storage 14 | . 14 14 Processor 11 | . 11 14 Energy Gun 12 | . 12 14 Ballistic Gun 1 | . . 14 Ballistic Cannon 13 | . 13 . Peak Build Rating 13 | 6 13 13 Average Rating 10 | 3 10 13 On Entrance 6 | . 6 13 Naked Turns . | . . . Heaviest Build 52 | 13 52 51 Greatest Support 40 | 20 40 32 Greatest Overweight (x) 15 | 2 15 1 Average Overweight (x) . | . . 1 Largest Inventory Capacity 20 | 8 20 20 Average Capacity 15 | 6 16 20 Most Carried 20 | 6 20 20 Average Carried 10 | 4 10 20 Final Capacity 20 | 8 20 20 Final Carried 20 | 6 20 20 Class Distribution -------------------- 100% | Mutant Dominant Class ---------------- Mutant | -10/Materials Mutant | -10/Subcaves Resources | -11 -10 -10 ----------- Run | Yrd Mat Sub Matter Collected 583 | 245 338 . Remotely . | . . . Salvage Created 321 | . 321 . Parts 25 | . 25 . Haulers Intercepted 1 | . 1 . Recyclers Shooed . | . . . Parts Field Recycled . | . . . Retrieved Matter . | . . . Parts Self-Destructed . | . . . Prevented . | . . . Kills | -11 -10 -10 ------- Run | Yrd Mat Sub Combat Hostiles Destroyed 13 | . 13 . Guns 6 | . 6 . Cannons 7 | . 7 . Classes Destroyed 4 | . 4 . Hauler 1 | . 1 . Watcher 3 | . 3 . Swarmer 6 | . 6 . Grunt 7 | . 7 . Best Kill Streak 4 | . 4 . Combat Bots Only 3 | . 3 . Max Kills in Single Turn 1 | . 1 . Gunslinging . | . . . Exploded . | . . . Melee . | . . . Uniques/NPCs Destroyed . | . . . Combat | -11 -10 -10 -------- Run | Yrd Mat Sub Hostile Shots Fired 91 | . 86 5 Missed 23 | . 22 1 Damage Taken 783 | . 690 93 Core 253 | . 208 45 Absorbed by Shields . | . . . Core Remaining (%) 100 | 100 . . Volleys Fired 43 | . 41 2 Largest 2 | . 2 2 Hottest 104 | . 104 88 Shots Fired 82 | . 78 4 Gun 41 | . 37 4 Cannon 41 | . 41 . Launcher . | . . . Special . | . . . Kinetic 43 | . 41 2 Thermal 39 | . 37 2 Explosive . | . . . Electromagnetic . | . . . Robot Hit Streak 8 | . 8 2 Robot Miss Streak 7 | . 7 2 Penetration Max . | . . . Secondary Targets . | . . . Shots Hit Robots 57 | . 53 4 Core Hits 53 | . 50 3 Critical Kills . | . . . Critical Parts Destroyed . | . . . Critical Strikes 1 | . 1 . Blast 1 | . 1 . Melee Attacks . | . . . Impact . | . . . Slashing . | . . . Piercing . | . . . Sneak Attacks . | . . . Combat Hostiles . | . . . Follow-up Attacks . | . . . Damage Inflicted 895 | . 833 62 Guns 423 | . 361 62 Cannons 472 | . 472 . Explosions . | . . . Melee . | . . . Ramming . | . . . Kinetic 502 | . 472 30 Thermal 393 | . 361 32 Explosive . | . . . Electromagnetic . | . . . Impact . | . . . Slashing . | . . . Piercing . | . . . Highest Corruption . | . . . Average Corruption . | . . . Corruption Purged . | . . . Corruption Blocked . | . . . Overload Shots . | . . . Overflow Damage . | . . . Projectiles . | . . . Explosions . | . . . Melee . | . . . Knockbacks 7 | . 7 . Impact . | . . . Kinetic 7 | . 7 . Secondary . | . . . Self-Inflicted Damage . | . . . Shots . | . . . Rammed . | . . . Targets Rammed . | . . . Kicked . | . . . Crushed . | . . . Highest Temperature 252 | . 252 . Average Temperature 81 | . 81 . Received Heat Transfer 288 | . 270 18 Siege Activations . | . . . Robots Corrupted . | . . . Combat Hostiles . | . . . Parts Fried . | . . . Impact Corruptions . | . . . Robots Melted . | . . . Combat Hostiles . | . . . Parts Melted . | . . . Heat Transferred 475 | . 435 40 Parts Sabotaged . | . . . Parts Stolen . | . . . Parts Stripped . | . . . Power Chain Reactions . | . . . Alert | -11 -10 -10 ------- Run | Yrd Mat Sub Peak Influence 218 | . 218 . Initial . | . . . Average 51 | . 53 . Maximum Alert Level 1 | . 1 . Low Security (%) 98 | 100 98 . Level 1 1 | . 1 . Level 2 . | . . . Level 3 . | . . . Level 4 . | . . . Level 5 . | . . . High Security . | . . . Max Security . | . . . Squads Dispatched 2 | . 2 . Investigation 1 | . 1 . Extermination . | . . . Reinforcement 1 | . 1 . Assault . | . . . Garrison . | . . . Intercept . | . . . Searches Triggered . | . . . Construction Impeded . | . . . Haulers Reinforced . | . . . Active Scanning Responses . | . . . Cargo Convoy Interrupts . | . . . Stealth | -11 -10 -10 --------- Run | Yrd Mat Sub Distress Signals . | . . . Communications Jammed . | . . . Distress Signals . | . . . Times Spotted 22 | . 20 2 Peak Tracking Total 5 | . 5 2 Tactical Retreats . | . . . Traps | -11 -10 -10 ------- Run | Yrd Mat Sub Traps Triggered 5 | . 5 . Indirectly . | . . . Trap Hack Attempts . | . . . Triggered . | . . . Disarmed . | . . . Reprogrammed . | . . . Reused . | . . . Traps Extracted . | . . . Installed . | . . . Triggered . | . . . Machines | -11 -10 -10 ---------- Run | Yrd Mat Sub Machines Disabled 1 | . 1 . Max in Single Turn 1 | . 1 . Machines Repaired . | . . . Machines Dismantled . | . . . Machines Sabotaged . | . . . Overloaded Fab Kills . | . . . Hacking | -11 -10 -10 --------- Run | Yrd Mat Sub Machines Accessed . | . . . Terminals . | . . . Fabricators . | . . . Repair Stations . | . . . Recycling Units . | . . . Scanalyzers . | . . . Garrison Access . | . . . Total Hacks . | . . . Successful . | . . . Failed . | . . . Catastrophic . | . . . Database Lockouts . | . . . Manual . | . . . Terminals . | . . . Fabricators . | . . . Repair Stations . | . . . Recycling Units . | . . . Scanalyzers . | . . . Garrison Access . | . . . Terminal Hacks . | . . . Fabricator Hacks . | . . . Repair Station Hacks . | . . . Recycling Unit Hacks . | . . . Scanalyzer . | . . . Garrison Access Hacks . | . . . Unauthorized Hacks . | . . . Terminals . | . . . Fabricators . | . . . Repair Stations . | . . . Recycling Units . | . . . Scanalyzers . | . . . Garrison Access . | . . . Data Cores Recovered . | . . . Used . | . . . Hacking Detections . | . . . Full Trace Events . | . . . Feedback Events . | . . . Feedback Blocked . | . . . Robot Schematics Acquired . | . . . Robots Built . | . . . Authchips . | . . . Time . | . . . Total Robot Build Rating . | . . . Part Schematics Acquired . | . . . Parts Built . | . . . Authchips . | . . . Time . | . . . Total Part Build Rating . | . . . Parts Repaired . | . . . Time . | . . . Parts Recycled . | . . . Recycled Matter . | . . . Retrieved Matter . | . . . Retrieved Components . | . . . Parts Scanalyzed . | . . . Part Schematics Acquired . | . . . Parts Damaged . | . . . Bothacking | -11 -10 -10 ------------ Run | Yrd Mat Sub Used RIF Installer . | . . . Robots Hacked . | . . . Non-combat . | . . . Combat . | . . . Robot Hacks Applied . | . . . Relay Couplers Released . | . . . Fabnet Peak Effective % . | . . . Robots Rewired . | . . . Allies Hacked . | . . . Hacks Repelled . | . . . Allies | -11 -10 -10 -------- Run | Yrd Mat Sub Total Allies . | . . . Largest Group . | . . . Highest-Rated Group . | . . . Highest-Rated Ally . | . . . Total Orders . | . . . Ally Attacks . | . . . Total Damage . | . . . Kills . | . . . Allies Corrupted . | . . . Allies Melted . | . . . Intel | -11 -10 -10 ------- Run | Yrd Mat Sub Robot Analysis Total . | . . . Derelict Logs Recovered . | . . . Drone Launches . | . . . Drone Recoveries . | . . . Exploration | -11 -10 -10 ------------- Run | Yrd Mat Sub Turns Passed 1587 | 53 1525 9 Spaces Moved 752 | 37 711 4 Core 20 | 14 6 . Treads 521 | . 521 . Legs 37 | 23 14 . Wheels 174 | . 170 4 Hover . | . . . Flight . | . . . Fastest Speed 50 | 50 115 115 Average Speed 178 | 98 182 115 Slowest Speed 800 | 150 800 115 Overloaded Moves . | . . . Propulsion Burnouts . | . . . Robots Hopped . | . . . Cave-ins Triggered . | . . . Exploration Rate (%) 34 | 3 96 3 Regions Visited 2 Branch Regions 1 Pre-discovered Areas . | . . . Known Exits Taken 1 | . 1 . Unknown Exits Taken 1 | 1 . . Scrap Searched . | . . . Spaces Dug . | . . . Terrain Destroyed 1 | . 1 . Melee . | . . . Projectile 1 | . 1 . AOE . | . . . Terrain Rammed . | . . . Walls Destroyed . | . . . Machines Disabled . | . . . Actions | -11 -10 -10 --------- Run | Yrd Mat Sub Total 915 | 50 859 6 Wait 33 | . 33 . Move 750 | 36 710 4 Hop . | . . . Pick Up 37 | 7 30 . Fast Attach 17 | 5 12 . Attach 6 | 1 5 . Detach . | . . . Swap 12 | 1 11 . Drop 17 | . 17 . Fire 43 | . 41 2 Melee . | . . . Ram . | . . . Kick . | . . . Crush . | . . . Escape Stasis . | . . . Rewire . | . . . Trap . | . . . Miscellaneous . | . . . Route ------- -11/Scrapyard -10/Materials (discovered 5 exits: *Mat x3 / [*Min] / *Sub) -10/Subcaves History --------- Turn | Location | Event 21 | -11/Scrapyard | Discovered new exit (range 15) 54 | -11/Scrapyard | Entered Materials 301 | -10/Materials | Build established: Mutant 352 | -10/Materials | Discovered new exit (range 16) 380 | -10/Materials | Identified exit to Materials 445 | -10/Materials | Discovered new exit (range 10) 547 | -10/Materials | Discovered exit to Materials (range 10) 721 | -10/Materials | Discovered exit to Materials (range 10) 1276 | -10/Materials | Core integrity fell below 50% 1306 | -10/Materials | Core integrity fell below 20% 1324 | -10/Materials | Lost 4 parts (1p2n1w) 1548 | -10/Materials | Discovered new exit (range 10) 1578 | -10/Materials | Identified exit to Subcaves 1579 | -10/Materials | Entered Subcaves 1588 | -10/Subcaves | Destroyed by 4B-X0U(R) with Subdweller Laser Last Messages --------------- 01496_ Acquired Imp. Flight Unit. 01498_ Acquired Faulty Imp. Flight Unit. 01501_ Dropped Faulty Imp. Flight Unit. 01503_ Acquired Imp. Aluminum Leg. 01509_ Acquired Prototype Ballistic Gun. 01512_ Identified Imp. Assault Rifle. 01513_ Dropped Assault Rifle. 01514_ Acquired Imp. Assault Rifle. 01548_ EXIT=FOUND 01558_ Dropped Imp. Light Cannon. 01558_ Acquired Imp. Light Cannon. 01560_ Dropped Imp. Aluminum Leg. 01561_ Acquired Imp. Light Cannon. 01564_ Dropped Lgt. Ion Engine. 01565_ Acquired Imp. Light Cannon. 01578_ EXIT=IDENTIFIED: SUBCAVES LOCATION=SUBCAVES AMBIENT_HEAT=-10 GOAL=ESCAPE 01585_ 8Z-TJD(u) builds Twisted Machinery. Map ----- +----------------------------------------------------+ | ?????????????????????????????????????????????????? | | ?????????????????????????????????????????????????? | | ?????????????????????????????????????????????????? | | ?????????????????????????????????????????????????? | | ?????????????????????????????????????????????????? | | ?????????????????????????????????????????????????? | | ?????????????????????????????????????????????????? | | ?????????????????????????????????????????????????? | | ?????????????????????????????????????????????????? | | ?????????????????????????????????????????????????? | | ?????????????????????????????????????????????????? | | ?????????????????????????????????????????????????? | | ?????????????????????????????????????????????????? | | ?????????????????????????????????????????????????? | | ?????????????????????##??????????????????????????? | | ????????????????????? "??????????????????????????? | | ?????????????????????" ??????????????????????????? | | ????????????????????? " ?????????????????????????? | | ????????????????????## "??###????????????????????? | | ????????????????????? "R?## #????????????????????? | | ?????????????????????# ## ?????????????????????? | | ???????????????????### " ###??????????????????? | | ???????????????????#" R #??????????????????? | | ???????????????# ##" #??????????????????? | | ???????????????# "" ## #??????????????????? | | ??????????????# "" @## ##?????????????????? | | ??????????????# ## ##????????????????? | | ???????????????????## #????????????????? | | ????????????????????# # #????????????????? | | ????????????????????# # ??????????????? | | ??????????????????? ???????????? | | ?????????????????? ?????????? | | ?????????????????u ## ### ???????? | | ???????????????? #?##??# ### ???????? | | ???????????????# ??????## #??# #??????? | | ???????????????# ????????# ???#### ???????? | | ???????????????####?????????? #??????? ???????? | | ????????????????????????????? #????????????????? | | ?????????????????????????????####????????????????? | | ?????????????????????????????????????????????????? | | ?????????????????????????????????????????????????? | | ?????????????????????????????????????????????????? | | ?????????????????????????????????????????????????? | | ?????????????????????????????????????????????????? | | ?????????????????????????????????????????????????? | | ?????????????????????????????????????????????????? | | ?????????????????????????????????????????????????? | | ?????????????????????????????????????????????????? | | ?????????????????????????????????????????????????? | | ?????????????????????????????????????????????????? | +----------------------------------------------------+ Best States ------------- Heat Dissipation 25 Energy Generation 14 Energy Capacity 250 Matter Stores 275 Matter Capacity 300 Sight Range 18 Terrain Scan Density 10 Evasion (%) 55 Recoil Reduction 2 Item Schematics ----------------- None Robot Schematics ------------------ None Fabricated ------------ Nothing Alien Tech Used ----------------- None Achievements -------------- None Challenges ------------ None Game ------ Seed BehemothMinesnifferMinigun Manual? 0 Play Time 00:12:55 Cumulative 231.8 hours Start 2025.04.30 @ 19:11:09 End 2025.04.30 @ 19:52:06 Sessions 1 Manual Loads 0 Difficulty Rogue Special Mode None Game No. 340 Rogue 340 Adventurer 0 Explorer 0 Win Type - Total 1 Types 1/0/0/0/0/0/0/0/0 Lore% 37 Gallery% 64 Achievement% 43 Wizard Run 0 Options --------- Layout 1 ASCII 0 Keyboard 0 Movement Mouse Keybinds 0 Fullscreen 2 Font 24/Smallcaps Map View 50x35 Zoom Use 0% Tactical HUD 1 Map Filters NONE Filters NONE Steam 1 RUN: 969d8470-c735-4ed4-b317-52807d1a31ce